 Dungeon Crawl Stone Soup version 0.23.2-40-g277498a001 (webtiles) character file.

Game seed: 8519661060765858889

1416 Marnok the Chopper (level 8, -2/87 HPs)
             Began as an Ogre Fighter on Oct 2, 2019.
             Slain by a hippogriff (5 damage)
             ... on level 7 of the Dungeon.
             The game lasted 00:21:10 (7797 turns).

Marnok the Chopper (Ogre Fighter)                   Turns: 7797, Time: 00:21:10

Health: -2/87      AC:  5    Str: 23    XL:     8   Next: 71%
Magic:  8/8        EV: 10    Int:  9    God:
Gold:   357        SH: 11    Dex:  8    Spells: 7/7 levels left

rFire    + . .     SeeInvis .   a - +1 war axe
rCold    . . .     Gourm    .   c - +2 shield
rNeg     + + .     Faith    .   p - +2 robe {rN+}
rPois    +         Spirit   .   (helmet restricted)
rElec    .         Reflect  .   o - scarf {cloud immunity}
rCorr    .         Harm     .   (gloves unavailable)
MR       .....     Rnd*Tele +   (boots unavailable)
Stlth    +.........             (no amulet)
HPRegen  0.24/turn              h - ring of positive energy
MPRegen  0.11/turn              v - ring of protection from fire

@: about to teleport
A: large, unfitting armour, poison resistance, teleportitis 1, tough skin 1
a: no special abilities


You were on level 7 of the Dungeon.
You were not hungry.

You visited 1 branch of the dungeon, and saw 7 of its levels.
You also visited: Sewer.

You collected 357 gold pieces.

Inventory:

Hand Weapons
 a - a +1 war axe (weapon)
 w - a +0 flail of draining
Armour
 c - a +2 shield (worn)
 o - a scarf of cloud immunity (worn)
 p - a +2 robe of positive energy (worn)
Magical Staves
 u - a cursed staff of fire
Jewellery
 h - a ring of positive energy (left hand)
 n - an uncursed ring of poison resistance
 v - a ring of protection from fire (right hand)
Wands
 e - a wand of random effects (14)
 j - a wand of flame (20)
Scrolls
 b - a scroll of magic mapping {unknown}
 d - a scroll of blinking
 k - a scroll of teleportation
 l - 8 scrolls of remove curse
 s - 2 scrolls of amnesia
 t - a scroll of summoning
Potions
 g - 2 potions of degeneration
 i - 2 potions of flight
 m - 2 potions of magic
 r - 2 potions of haste
 z - a potion of agility {unknown}
 A - a potion of invisibility
Comestibles
 f - 7 rations
 q - a chunk of flesh


   Skills:
 + Level 7.0 Fighting
 + Level 7.2 Axes
 + Level 4.8 Dodging
 + Level 1.0 Stealth
 + Level 4.7 Shields


You had 7 spell levels left.
You didn't know any spells.
Your spell library contained the following spells:

 Spells                   Type           Power        Failure   Level  Hunger
 Corona                   Hex            #......      69%         1    ##.....
 Magic Dart               Conj           #...         69%         1    ##.....
 Blink                    Tloc           N/A          83%         2    ###....
 Call Imp                 Summ           #.......     83%         2    ###....
 Ensorcelled Hibernation  Hex/Ice        #.....       83%         2    ###....
 Slow                     Hex            #.......     83%         2    ###....
 Confuse                  Hex            #.......     96%         3    ####...
 Conjure Flame            Conj/Fire      #.......     96%         3    ####...
 Dazzling Spray           Conj/Hex       #.....       96%         3    ####...
 Mephitic Cloud           Conj/Pois/Air  #.......     96%         3    ####...
 Tukima's Dance           Hex            #.......     96%         3    ####...


Dungeon Overview and Level Annotations

Branches:
Dungeon (7/15)             Temple (0/1) D:7

Altars:
Ru


Innate Abilities, Weirdness & Mutations

You are too large for most types of armour.
You have tough skin. (AC +1)
Your system is resistant to poisons. (rPois)
You are occasionally teleported next to monsters.


Message History

* * * LOW HITPOINT WARNING * * *
You block the hippogriff's attack. The hippogriff barely misses you.
You slash the hippogriff!
The hippogriff is almost dead.
The hippogriff bites you!
* * * LOW HITPOINT WARNING * * *
The hippogriff pecks you!
* * * LOW HITPOINT WARNING * * *
The hippogriff claws you.
* * * LOW HITPOINT WARNING * * *
A hound comes into view.
As you read the scroll of teleportation, it crumbles to dust.
You feel strangely unstable.
The hippogriff bites you but does no damage.
You block the hippogriff's attack. x2
The hound barks!
The hippogriff barely misses you.
The hippogriff pecks you but does no damage.
The hippogriff claws you.
You die...

# #. #####.# #.
##.h...#
##.###.h.#####
#####.....H#.......#
#........@...#######
#.#.#.#.#.#.##
#.........#.#
#.#.#.#.#.#.#
#.........#).
##.#.#.#.#.###
#..........#
#..#.#.#.#.#
#....(.....#


You could see a hippogriff and 2 hounds.

Vanquished Creatures
  Duvessa (D:6)
  An ogre (D:5)
  A phantom (D:5)
  A centaur (D:6)
  A big kobold (Sewer)
  Dowan (D:6)
  3 scorpions
  A howler monkey (D:6)
  2 crimson imps
  A centaur zombie (D:5)
  2 hounds
  A gnoll shaman (D:4)
  A bullfrog skeleton (D:4)
  3 orc wizards
  3 iguanas
  4 worker ants
  5 gnolls (D:4)
  5 adders
  A river rat (Sewer)
  An ooze (D:1)
  3 worms
  4 dart slugs
  12 leopard geckos
  12 orcs
  6 giant cockroaches
  8 goblins
  6 hobgoblins
  16 jackals
  3 quokkas
  7 bats
  5 frilled lizards
  15 kobolds
  8 rats
144 creatures vanquished.

Vanquished Creatures (others)
  An orc wizard (D:5)
1 creature vanquished.

Grand Total: 145 creatures vanquished

Notes
Turn   | Place    | Note
-------+----------+-------------------------------------------
     0 | D:1      | Marnok the Ogre Fighter began the quest for the Orb.
     0 | D:1      | Reached XP level 1. HP: 24/24 MP: 1/1
    97 | D:2      | Reached XP level 2. HP: 11/32 MP: 2/2
   583 | D:1      | Reached XP level 3. HP: 24/40 MP: 3/3
  1130 | D:2      | Found a sacrificial altar of Ru.
  1137 | D:2      | Reached XP level 4. HP: 48/49 MP: 4/4
  1240 | D:2      | You fall through a shaft!
  1927 | D:3      | Reached XP level 5. HP: 40/55 MP: 5/5
  3212 | D:4      | Reached skill level 5 in Fighting
  3338 | D:5      | Entered Level 5 of the Dungeon
  3373 | D:5      | Reached XP level 6. HP: 30/66 MP: 6/6
  3438 | D:5      | Found a glowing drain.
  3442 | D:5      | Gained mutation: You are occasionally teleported next to
                  | monsters. [potion of mutation]
  3442 | D:5      | Gained mutation: Your system is resistant to poisons.
                  | (rPois) [potion of mutation]
  3464 | Sewer    | Entered a sewer
  3703 | Sewer    | Found a white marble altar of Elyvilon.
  3887 | D:5      | Noticed a phantom
  3938 | D:5      | Killed a phantom
  3938 | D:5      | Reached skill level 5 in Axes
  3938 | D:5      | Reached XP level 7. HP: 53/72 MP: 7/7
  5984 | D:5      | Reached XP level 8. HP: 73/83 MP: 8/8
  6873 | D:6      | Reached skill level 1 in Stealth
  7289 | D:6      | Noticed Dowan
  7289 | D:6      | Noticed Duvessa
  7303 | D:6      | Killed Duvessa
  7307 | D:6      | Killed Dowan
  7671 | D:7      | Found a staircase to the Ecumenical Temple.
  7774 | D:7      | Noticed a hippogriff
  7793 | D:7      | HP: 4/87 [hippogriff (8)]
  7797 | D:7      | Slain by a hippogriff

Skill      XL: |  1  2  3  4  5  6  7  8 |
---------------+-------------------------+-----
Dodging        | 3 4 |  4.8
Axes           | 3 4 5 6 7 |  7.2
Shields        | 3 4 |  4.7
Fighting       | 5 6 7 |  7.0
Stealth        | 1 |  1.0

Action                   |  1- 3 |  4- 6 |  7- 9 || total
-------------------------+-------+-------+-------++-------
Melee: War axe           |    89 |   178 |   254 ||   521
  Use: Scroll            |       |     9 |    12 ||    21
       Potion            |       |     9 |     4 ||    13
 Stab: Sleeping          |     1 |       |     1 ||     2
       Paralysed         |     1 |       |       ||     1
  Eat: Chunk             |       |     6 |    10 ||    16
       Ration            |       |     1 |     1 ||     2
Armor: Robe              |    16 |    54 |    47 ||   117
Dodge: Dodged            |    22 |    76 |    93 ||   191
Block: Shield            |    58 |   101 |   161 ||   320
